AoeStats
← EMPEROR98265292

Black Forest

508239415Analyzed
4v4 RM · 11d ago on Sep 21, 2026· 38m 13s· 8 players
Game mode
Random Map
Map size
Large (8 player)
Population
200
Speed
Normal
Resources
Standard
Victory
Conquest
Starting age
Dark Age
Ending age
Imperial Age
RankedLock teamsTeams togetherTeam positionsShared explorationLock speedFull tech treeHidden civsTurbo modeCheats
Victory
Defeat
🇮🇩 Lithuanians · Indonesia
1649
+12
🇨🇦 Celts · Canada
1599
+14
🇨🇦 Vietnamese · Canada
1577
+15
🇮🇩 Burmese · Indonesia
1533
+16
🇬🇧 Koreans · United Kingdom
1600
-17
🇮🇳 Bohemians · India
1579
-15
🇮🇳 Wu · India
1525
-13
🇮🇳 Persians · India
1495
-12
parachutedreamer
0:47 Loom
12:11 Feudal Age
12:52 Double-Bit Axe
14:48 Horse Collar
18:37 Castle Age
19:11 Wheelbarrow
19:45 Bow Saw
19:42 Heavy Plow
21:00 Gold Mining
23:27 Fletching
27:43 Bodkin Arrow
30:59 Hand Cart
35:43 Padded Archer Armor
36:32 Stone Mining
40:18 Imperial Age
38:08 Leather Archer Armor
38:40 Ballistics
JMDDN
11:16 Feudal Age
14:47 Castle Age
12:43 Double-Bit Axe
15:47 Bow Saw
16:22 Wheelbarrow
15:34 Loom
16:44 Fishing Lines
21:55 Hand Cart
24:05 Gillnets
25:20 Fortified Wall
29:46 Imperial Age
28:14 Scale Mail Armor
28:25 Forging
27:37 Pikeman
28:32 Town Watch
28:45 Gold Mining
28:45 Stone Mining
29:24 Chain Mail Armor
29:54 Horse Collar
29:53 Capped Ram
30:57 Furor Celtica
30:12 Halberdier
31:31 Siege Ram
33:44 Plate Mail Armor
33:50 Iron Casting
35:14 Conscription
35:06 Siege Engineers
34:58 Man-at-Arms
35:23 Gambesons
36:40 Blast Furnace
36:13 Fletching
37:58 Ballistics
38:38 Chemistry
37:19 Treadmill Crane
[LOEL] - Nep
9:29 Loom
11:26 Feudal Age
12:54 Double-Bit Axe
15:27 Castle Age
16:56 Bow Saw
17:45 Fishing Lines
19:55 Fishing Lines
21:11 Gillnets
21:07 Horse Collar
22:58 Sanctity
26:34 Heavy Plow
27:30 Wheelbarrow
27:54 Scale Barding Armor
28:53 Bloodlines
28:43 Husbandry
32:03 Imperial Age
30:24 Forging
30:35 Chain Barding Armor
30:29 Gold Mining
30:30 Stone Mining
31:13 Hand Cart
30:54 Fletching
30:49 Treadmill Crane
31:57 Ballistics
31:28 Fletching
33:21 Plate Barding Armor
33:37 Conscription
35:12 Iron Casting
34:43 Elite Leitis
37:22 Chemistry
36:57 Crop Rotation
36:33 Bodkin Arrow
36:49 Masonry
37:28 Bracer
38:58 Coinage
Embege
1:03 Loom
13:19 Feudal Age
23:39 Castle Age
21:52 Gold Mining
33:42 Gold Shaft Mining
33:57 Wheelbarrow
33:38 Horse Collar
33:51 Stone Mining
37:38 Imperial Age
35:43 Hand Cart
35:45 Caravan
35:44 Fletching
37:38 Scale Barding Armor
37:43 Forging
37:35 Manipur Cavalry
38:19 Howdah
38:41 Conscription
38:56 Chain Barding Armor
Frankie Fast Hands
7:15 Loom
11:26 Feudal Age
15:26 Castle Age
14:02 Double-Bit Axe
21:52 Fletching
23:46 Bodkin Arrow
24:56 Fishing Lines
26:10 Horse Collar
30:05 Bow Saw
30:22 Gillnets
36:38 Murder Holes
38:23 Ballistics
EMPEROR98265292
0:46 Loom
11:29 Feudal Age
11:30 Man-at-Arms
12:17 Arson
20:28 Castle Age
19:53 Double-Bit Axe
20:49 Fletching
29:24 Bodkin Arrow
Sanskari Ladka
11:00 Feudal Age
12:22 Loom
15:09 Castle Age
14:33 Fishing Lines
14:44 Double-Bit Axe
15:21 Scale Barding Armor
23:50 Light Cavalry
26:14 Bow Saw
25:53 Horse Collar
27:04 Chain Barding Armor
29:03 Pikeman
34:13 Imperial Age
32:20 Wheelbarrow
32:12 Scale Mail Armor
32:22 Forging
34:01 Chemistry
35:07 Halberdier
36:17 Hand Cart
AP
1:14 Loom
11:02 Feudal Age
11:30 Double-Bit Axe
11:28 Horse Collar
19:11 Castle Age
18:17 Bloodlines
19:40 Wheelbarrow
20:36 Bow Saw
24:12 Light Cavalry
25:41 Scale Barding Armor
25:39 Husbandry
28:20 Chain Barding Armor
31:51 Imperial Age
30:49 Hand Cart
30:45 Forging
31:13 Gold Mining
31:26 Cavalier
32:44 Plate Barding Armor
32:44 Iron Casting
32:33 Heavy Plow
33:41 Savar
35:33 Savar
36:55 Savar
Connection lost

Rejoining the realm…

Still unreachable

The connection could not be restored.

Session expired

The server has moved on; the page needs a fresh start.